 Dungeon Crawl Stone Soup version 0.28.0 (webtiles) character file.

Game seed: 2189039229208702663

8 Illumine the Chopper (level 2, 0/37 HPs)
             Began as a Palentonga Berserker on Feb 10, 2022.
             Was a Follower of Trog.
             Frozen to death by an endoplasm (3 damage)
             ... on level 1 of the Dungeon.
             The game lasted 00:00:20 (50 turns).

Illumine the Chopper (Palentonga Berserker)           Turns: 50, Time: 00:00:21

Health: 0/37       AC: 21    Str: 20    XL:     2   Next: 0%
Magic:  2/2        EV:  1    Int:  7    God:    Trog [*.....]
Gold:   0          SH:  0    Dex:  9    Spells: 1/1 levels left

rFire   . . .      SeeInvis +   a - +0 hand axe
rCold   . . .      Faith    .   (no shield)
rNeg    . . .      Spirit   .   (armour currently unavailable)
rPois   +          Reflect  .   (helmet currently unavailable)
rElec   .          Harm     .   (cloak currently unavailable)
rCorr   .          Rampage  .   (gloves currently unavailable)
Will    .....      NoTele   +   (no barding)
Stlth   +.........              (no amulet)
HPRegen 0.12/turn               (no ring)
MPRegen 0.08/turn               (no ring)

@: tree-form
A: stationary, stasis, torment immunity, boosted hp, large, rugged brown scales
3, see invisible, (deformed body), (roll 1), (armoured tail)
a: Renounce Religion, Berserk


You were on level 1 of the Dungeon.
You worshipped Trog.
Trog was aware of your devotion.
You were a tree.
You visited 1 branch of the dungeon, and saw 1 of its levels.

Inventory:

Hand Weapons
 a - a +0 hand axe (weapon)
Armour
 b - a +0 animal skin (melded)
Potions
 c - a potion of lignification


   Skills:
 - Level 3.0 Fighting
 * Level 3.5 Axes
 - Level 1.5 Armour
 - Level 1.5 Dodging


You had one spell level left.
You didn't know any spells.
Your spell library was empty.

Dungeon Overview and Level Annotations

Branches:
Dungeon (1/15)

Altars:


Innate Abilities, Weirdness & Mutations

You are a tree.
Your roots penetrate the ground, keeping you stationary.
You cannot be teleported.
You are immune to unholy pain and torment.
Your maximum health is greatly increased.
Your equipment is partially melded.
(You are completely covered in rugged brown scales. (AC +3, +7% HP))
You have supernaturally acute eyesight. (SInv)
((Armour fits poorly on your strangely shaped body.))
((You can roll at nearby foes to attack.))
((You have a long armoured tail.))


Message History

You miss the bat.
The bat is heavily wounded.
The bat hits you but does no damage. x2
You barely miss the bat.
The bat is heavily wounded.
The bat hits you but does no damage. x2
You miss the bat.
The bat is heavily wounded.
The bat hits you but does no damage. x2
You hit the bat.
You kill the bat!
Trog accepts your kill. The bat hits you but does no damage. The bat hits you.
* * * LOW HITPOINT WARNING * * *
You hit the bat but do no damage. The bat hits you but does no damage.
The bat completely misses you.
A ball python comes into view.
The bat hits you but does no damage.
The ball python moves out of view.
You barely miss the bat. The bat hits you but does no damage.
You closely miss the bat. The bat hits you but does no damage. x2
You closely miss the bat. The bat hits you but does no damage.
The bat completely misses you.
A rat comes into view.
You closely miss the bat. The bat hits you but does no damage. x2
The ball python hisses angrily.
You slash the bat!
You kill the bat!
Trog accepts your kill.
The ball python bites you but does no damage.
You slash the ball python!
You kill the ball python!
Trog accepts your kill.
You slash the kobold!
You kill the kobold!
Trog accepts your kill.
You have reached level 2!
You hit the endoplasm but do no damage. The endoplasm freezes you.
You are frozen.
You die...

#...........
#...........
#..†).......
#...).......
#..$K.......
###.........
#........#
####.r..#####
######.♣JS..##
#......##...#
#<...§#######
#>....#
#.....#
#######


You could see an endoplasm, a ball python and a rat.

Vanquished Creatures
  A goblin (D:1)
  A ball python (D:1)
  3 bats (D:1)
  2 kobolds (D:1)
  A rat (D:1)
8 creatures vanquished.

Notes
Turn   | Place    | Note
-------+----------+-------------------------------------------
     0 | D:1      | Illumine the Palentonga Berserker began the quest for the
                  | Orb.
     0 | D:1      | Reached XP level 1. HP: 19/19 MP: 1/1
    32 | D:1      | HP: 1/28 [bat (1)]
    41 | D:1      | HP: 1/28 [bat (1)]
    50 | D:1      | Reached XP level 2. HP: 3/25 MP: 2/2
    50 | D:1      | Frozen to death by an endoplasm

Illustrated notes

Levels and vault maps discovered:
D:1:      dpeg_arrival_fog, layout_rooms, hangedman_decor_points

Action                   || total
-------------------------++-------
Melee: Hand axe          ||    28
  Use: Potion            ||     1
Armor: Skin              ||    34
       Animal skin       ||    14
Dodge: Dodged            ||    17
